 Dungeon Crawl Stone Soup version 0.21.1-1-g345015f (webtiles) character file.

15795 aMcNicky the Bludgeoner (level 12, 0/104 HPs)
             Began as a Minotaur Fighter on Mar 3, 2018.
             Was an Elder of Makhleb.
             Shot with an arrow by Nessos (4 damage)
             ... on level 2 of the Orcish Mines.
             The game lasted 00:54:33 (13648 turns).

aMcNicky the Bludgeoner (Minotaur Fighter)         Turns: 13648, Time: 00:54:34

Health: 0/104      AC: 14    Str: 27    XL:     12   Next: 4%
Magic:  15/15      EV:  7    Int:  5    God:    Makhleb [****..]
Gold:   1023       SH:  0    Dex: 12    Spells: 11/11 levels left

rFire    . . .     SeeInvis .   t - +4 dire flail (holy)
rCold    . . .     Gourm    .   (shield currently unavailable)
rNeg     . . .     Faith    .   u - +0 plate armour
rPois    .         Spirit   .   (helmet restricted)
rElec    .         Reflect  .   (no cloak)
rCorr    .         Harm     .   (no gloves)
MR       +....                  Q - +0 pair of boots
Stlth    ..........             (no amulet)
HPRegen  0.27/turn              i - ring of protection from magic
MPRegen  0.14/turn              g - +3 ring of strength

@: lethally poisoned (0 -> -43)
A: retaliatory headbutt, horns 2
a: Minor Destruction, Lesser Servant of Makhleb, Major Destruction, Renounce
Religion


You were on level 2 of the Orcish Mines.
You worshipped Makhleb.
Makhleb was greatly pleased with you.
You were not hungry.

You visited 3 branches of the dungeon, and saw 14 of its levels.
You also visited: Ossuary.

You collected 1048 gold pieces.
You spent 25 gold pieces at shops.

Inventory:

Hand Weapons
 a - a +0 flail
 n - a +0 hunting sling
 t - a +4 dire flail of holy wrath (weapon)
 I - a +2 mace of crushing
 W - a +0 scimitar of flaming
Missiles
 o - 279 stones (quivered)
Armour
 b - a +0 scale mail
 c - a +0 shield
 u - a +0 plate armour (worn)
 Q - a +0 pair of boots (worn)
Jewellery
 g - a +3 ring of strength (right hand)
 i - a ring of protection from magic (left hand)
 E - an uncursed ring of resist corrosion
 J - an uncursed ring of positive energy
 O - an uncursed ring of magical power
Wands
 h - a wand of enslavement (18)
 j - a wand of flame (62)
 K - a wand of digging (13)
 N - a wand of clouds (4)
 P - a wand of polymorph (18)
 Y - a wand of iceblast (6)
Scrolls
 e - 5 scrolls of noise
 k - 4 scrolls of amnesia {unknown}
 l - 3 scrolls of fog {unknown}
 m - 4 scrolls of teleportation {unknown}
 p - 2 scrolls of immolation {unknown}
 r - 8 scrolls of remove curse {@r2}
 w - 3 scrolls of fear {unknown}
 y - a scroll of enchant armour {unknown}
 F - 2 scrolls of random uselessness {unknown}
 G - a scroll of blinking {unknown}
 L - 3 scrolls of enchant weapon {unknown}
 V - a scroll of magic mapping {unknown}
 X - a scroll of vulnerability {unknown}
Potions
 d - 5 potions of curing {@q1}
 q - 2 potions of agility
 s - 3 potions of degeneration
 v - a potion of mutation {unknown}
 x - a potion of magic {unknown}
 z - 3 potions of flight
 A - 2 potions of cancellation {unknown}
 B - 3 potions of brilliance
 C - 2 potions of berserk rage {unknown}
 D - 2 potions of heal wounds {unknown}
 H - a potion of lignification {unknown}
 M - 2 potions of haste
 T - a potion of invisibility {unknown}
Books
 R - a book of Cantrips

   Spells                             Type                      Level
   a - Confusing Touch                Hexes                        1
   b - Animate Skeleton               Necromancy                   1
   c - Summon Small Mammal            Summoning                    1
   d - Apportation                    Translocation                1
 U - a book of Fire

   Spells                             Type                      Level
   a - Ignite Poison                  Fire/Transmutation/Poison    3
   b - Fireball                       Conjuration/Fire             5
   c - Bolt of Fire                   Conjuration/Fire             6
   d - Ring of Flames                 Charms/Fire                  7
   e - Ignition                       Fire                         8
Comestibles
 f - 31 rations
 S - 7 chunks of flesh


   Skills:
 + Level 9.1 Fighting
 - Level 18.3 Maces & Flails
 + Level 7.8 Armour
 - Level 4.0 Shields
 + Level 5.4 Invocations


You had 11 spell levels left.
You didn't know any spells.

Dungeon Overview and Level Annotations

Branches:
Dungeon (11/15)            Temple (1/1) D:5            Lair (0/6) D:9
    Orc (2/2) D:9
    Elf: Orc:2

Altars:
Ashenzari
Cheibriados
Dithmenos
Elyvilon
Fedhas
Gozag
Hepliaklqana
Kikubaaqudgha
Makhleb
Nemelex Xobeh
Okawaru
Qazlal
Ru
Sif Muna
Trog
Uskayaw
Vehumet
Wu Jian
Xom
Yredelemnul
The Shining One
Beogh

Shops:
D:5 *   D:6 *(   D:8 =   D:11 ?

Annotations:
Orc:2 Nessos


Innate Abilities, Weirdness & Mutations

You reflexively headbutt those who attack you in melee.
You have a pair of horns on your head.


Message History

* * * LOW HITPOINT WARNING * * *
A demon appears!
* * * LOW HITPOINT WARNING * * *
You feel very sick.
Nessos burns!
Nessos shoots an arrow.
The arrow hits your smoke demon!! The arrow burns your smoke demon.
Nessos unwields an uncursed longbow of flaming.
It stops flaming.
Nessos hits your smoke demon.
An orc comes into view. It is wielding a club.
* * * LOW HITPOINT WARNING * * *
You feel very sick.
Nessos burns!
Nessos wields an uncursed longbow of flaming.
It bursts into flame!
Nessos shoots an arrow.
The arrow closely misses your smoke demon.
The arrow hits you!
* * * LOW HITPOINT WARNING * * *
The arrow burns you.
You are more poisoned.
You die...

## #### .# ###..## ##.##
##.#...# ###...###
##....########)#.$...#
#..........@(3co.....###
#.....#########o(o.....#
###.....# #..#oo....
###.......# #.## .....
#.#....##.# #.. .o..
##......#.# #.. ...
##....##.# #... o.
#........# +... .
###......# #....


You could see Nessos (burning), an orc warrior, 3 orc wizards and a friendly
smoke demon.

Vanquished Creatures
  Snorg (D:10)
  Erolcha (D:9)
  Erica (D:10)
  2 two-headed ogres
  3 death yaks (D:9)
  An orange crystal statue (D:10)
  A manticore (D:11)
  Psyche (D:10)
  A gargoyle (D:8)
  A centaur skeleton (D:11)
  4 trolls
  2 hippogriffs
  A meliai zombie (D:11)
  A wraith (D:7)
  6 yaks (D:11)
  Eustachio (D:4)
  2 hungry ghosts
  A steam dragon (D:11)
  2 wargs
  Edmund (D:4)
  A water moccasin (D:8)
  2 black bears
  An ice beast (D:8)
  2 porcupines (D:9)
  11 orc warriors
  7 ogres
  A sky beast (D:5)
  2 phantoms
  2 centaurs
  5 big kobolds
  An elf zombie (Ossuary)
  Blork the orc (D:4)
  3 bullfrogs
  4 gnoll sergeants
  2 water moccasin skeletons
  10 killer bees
  4 wights (D:9)
  4 howler monkeys
  2 vampire bats (D:2)
  A crimson imp (D:10)
  4 jellies
  3 bullfrog zombies
  2 human zombies (Ossuary)
  6 hounds
  9 orc priests
  A bullfrog skeleton (D:10)
  2 iguanas
  9 orc wizards
  2 hell rats (D:9)
  3 worker ants
  2 hound zombies (Ossuary)
  A hound skeleton (D:3)
  4 mummies (Ossuary)
  A howler monkey zombie (D:8)
  A worker ant zombie (D:7)
  Robin (D:3)
  9 gnolls
  2 river rats (D:9)
  10 adders
  3 shadow imps
  3 adder skeletons
  2 worms (D:2)
  A dart slug (D:1)
  4 leopard geckos
  78 orcs
  7 bats
  4 bat skeletons (D:2)
  3 bat zombies (D:2)
  6 giant cockroaches
  16 goblins
  11 hobgoblins
  6 jackals
  18 kobolds
  4 quokkas
  A ball python (D:7)
  4 frilled lizards
  A gnoll zombie (Ossuary)
  2 goblin zombies (Ossuary)
  A kobold zombie (Ossuary)
  An orc zombie (Ossuary)
  8 rats
  2 rat zombies (Ossuary)
358 creatures vanquished.

Notes
Turn   | Place    | Note
-------+----------+-------------------------------------------
     0 | D:1      | aMcNicky the Minotaur Fighter began the quest for the Orb.
     0 | D:1      | Reached XP level 1. HP: 19/19 MP: 0/0
   246 | D:1      | Reached XP level 2. HP: 22/27 MP: 1/1
   547 | D:1      | Reached skill level 3 in Maces & Flails
   732 | D:1      | You fall through a shaft!
   744 | D:2      | Reached XP level 3. HP: 33/33 MP: 2/2
  1188 | D:2      | Reached XP level 4. HP: 39/41 MP: 3/3
  1189 | D:2      | Reached skill level 4 in Maces & Flails
  1208 | D:2      | Found an ancient bone altar of Kikubaaqudgha.
  1218 | D:2      | Reached skill level 5 in Maces & Flails
  1218 | D:2      | Reached XP level 5. HP: 45/47 MP: 4/4
  1296 | D:2      | Reached skill level 5 in Fighting
  1504 | D:2      | Noticed an ogre
  1511 | D:2      | Killed an ogre
  1615 | D:2      | Reached skill level 6 in Maces & Flails
  1615 | D:2      | Reached XP level 6. HP: 52/56 MP: 5/5
  2326 | D:3      | Noticed Robin
  2347 | D:3      | Killed Robin
  3152 | D:4      | Noticed Edmund
  3170 | D:4      | Killed Edmund
  3170 | D:4      | Reached skill level 7 in Maces & Flails
  3434 | D:4      | Reached XP level 7. HP: 63/63 MP: 6/6
  3442 | D:4      | Noticed Eustachio
  3494 | D:4      | Killed Eustachio
  3494 | D:4      | Reached skill level 8 in Maces & Flails
  3952 | D:4      | Noticed Blork the orc
  3962 | D:4      | Killed Blork the orc
  4178 | D:5      | Entered Level 5 of the Dungeon
  4254 | D:5      | Reached skill level 9 in Maces & Flails
  4469 | D:5      | Found a staircase to the Ecumenical Temple.
  4478 | Temple   | Entered the Ecumenical Temple
  4724 | Temple   | Became a worshipper of Makhleb the Destroyer
  4783 | D:5      | Found Uwnewkusm's Assorted Antiques.
  4786 | D:5      | Bought a scroll labeled MUTWUNK HAAPTO for 25 gold pieces
  5065 | D:6      | Found an opulent altar of Gozag.
  5066 | D:6      | Found Gozag's Platinum Reserve.
  5135 | D:6      | Found a sparkling altar of Nemelex Xobeh.
  5179 | D:6      | Reached XP level 8. HP: 49/70 MP: 7/7
  5307 | D:6      | Reached skill level 10 in Maces & Flails
  5472 | D:6      | Reached skill level 11 in Maces & Flails
  5593 | D:6      | Found Verphod's Weapon Shoppe.
  5890 | D:7      | Found a sand-covered staircase.
  5895 | Ossuary  | Entered an ossuary
  5910 | Ossuary  | Reached * piety under Makhleb
  5912 | Ossuary  | Reached skill level 12 in Maces & Flails
  6247 | D:7      | Reached XP level 9. HP: 68/75 MP: 8/8
  6299 | D:7      | Noticed a two-headed ogre
  6304 | D:7      | Killed a two-headed ogre
  6304 | D:7      | Reached skill level 14 in Maces & Flails
  6885 | D:7      | Found an iron altar of Okawaru.
  6891 | D:7      | Found a basalt altar of Yredelemnul.
  7068 | D:8      | Found Mem Mima's Jewellery Emporium.
  7262 | D:8      | Reached ** piety under Makhleb
  7262 | D:8      | Reached skill level 15 in Maces & Flails
  7310 | D:8      | Noticed a gargoyle
  7318 | D:8      | Killed a gargoyle
  7624 | D:8      | Reached XP level 10. HP: 83/83 MP: 9/9
  7887 | D:8      | Found a sacrificial altar of Ru.
  8000 | D:8      | Noticed a two-headed ogre
  8007 | D:8      | Killed a two-headed ogre
  8007 | D:8      | Reached skill level 16 in Maces & Flails
  8358 | D:9      | Found a staircase to the Orcish Mines.
  9194 | D:9      | Reached skill level 17 in Maces & Flails
  9328 | Orc:1    | Entered Level 1 of the Orcish Mines
  9330 | Orc:1    | Found a burning altar of Makhleb.
  9610 | D:9      | Noticed Erolcha
  9616 | D:9      | Killed Erolcha
  9616 | D:9      | Reached skill level 1 in Invocations
  9657 | D:9      | Reached *** piety under Makhleb
  9706 | D:9      | Found a hazy altar of Hepliaklqana.
  9719 | D:9      | Found a staircase to the Lair.
  9720 | D:9      | Noticed a death yak
  9722 | D:9      | Noticed a death yak
  9722 | D:9      | Noticed a death yak
  9737 | D:9      | Killed a death yak
  9737 | D:9      | Reached skill level 5 in Armour
  9749 | D:9      | Killed a death yak
  9749 | D:9      | Reached XP level 11. HP: 47/92 MP: 11/11
  9752 | D:9      | Killed a death yak
 10447 | D:9      | Found a shimmering altar of Xom.
 10464 | D:10     | Entered Level 10 of the Dungeon
 10500 | D:10     | Noticed Psyche
 10516 | D:10     | Killed Psyche
 10581 | D:10     | Noticed an orange crystal statue
 10760 | D:10     | Noticed Snorg
 10773 | D:10     | Killed Snorg
 11213 | D:10     | Noticed Erica
 11219 | D:10     | Killed Erica
 11497 | D:10     | Killed an orange crystal statue
 11497 | D:10     | Reached skill level 18 in Maces & Flails
 11621 | D:11     | HP: 4/94 [manticore (9)]
 11998 | D:11     | Found Watech's Magic Scroll Shoppe.
 12195 | D:11     | Reached **** piety under Makhleb
 12349 | D:11     | Reached skill level 5 in Invocations
 12363 | D:11     | Noticed a death knight
 12364 | D:11     | Noticed a phantasmal warrior
 12364 | D:11     | Noticed a skeletal warrior
 13138 | Orc:1    | Found a roughly hewn altar of Beogh.
 13311 | Orc:2    | Entered Level 2 of the Orcish Mines
 13342 | Orc:2    | Reached XP level 12. HP: 87/104 MP: 14/14
 13640 | Orc:2    | Noticed Nessos
 13648 | Orc:2    | HP: 4/104 [Nessos/arrow (10)]
 13648 | Orc:2    | Shot with an arrow by Nessos

Skill      XL: |  1  2  3  4  5  6  7  8  9 10 11 |
---------------+----------------------------------+-----
Fighting       | 4 5 6 7 9 |  9.1
Armour         | 4 5 7 |  7.8
Shields        | 4 |  4.0
Maces & Flails | 3 5 6 7 9 12 15 17 18 | 18.3
Invocations    | 2 5 |  5.4

Action                   |  1- 3 |  4- 6 |  7- 9 | 10-12 || total
-------------------------+-------+-------+-------+-------++-------
Melee: Flail             |    99 |   157 |       |       ||   256
       Headbutt          |    12 |    24 |    30 |    85 ||   151
       Dire flail        |       |     2 |   255 |   435 ||   692
Invok: Minor Destruction |       |       |     2 |       ||     2
       Lesser Servant of |       |       |       |     6 ||     6
       Major Destruction |       |       |       |     1 ||     1
Evoke: Wand              |       |       |     1 |       ||     1
  Use: Potion            |       |     1 |     2 |     5 ||     8
       Scroll            |       |     2 |     6 |     6 ||    14
  Eat: Chunk             |     1 |     7 |    10 |     8 ||    26
       Ration            |       |       |     1 |     4 ||     5
Armor: Scale mail        |    48 |    83 |       |       ||   131
       Plate armour      |       |     1 |   105 |   155 ||   261
Dodge: Dodged            |    23 |    51 |    84 |   109 ||   267
Block: Shield            |    58 |    77 |       |       ||   135
